 Dungeon Crawl Stone Soup version 0.31.0-11-ge490571c62 (webtiles) character file.

Game seed: 8903984009547692206

427 qw the Ducker (level 6, 0/30 HPs)
             Began as a Spriggan Hunter on Feb 3, 2024.
             Killed by divine providence
             ... invoked by an orc priest
              (17 damage)
             ... on level 4 of the Dungeon.
             The game lasted 00:00:09 (2130 turns).

qw the Ducker (Spriggan Hunter)                     Turns: 2130, Time: 00:00:09

Health: 0/30       AC:  2    Str:  7    XL:     6   Next: 65%
Magic:  7/7        EV: 27    Int: 11    God:
Gold:   82         SH:  0    Dex: 20    Spells: 5/5 levels left

rFire   . . .        i - +0 arbalest
rCold   . . .        (shield currently unavailable)
rNeg    . . .        c - +0 robe
rPois   .            (helmet restricted)
rElec   .            (no cloak)
rCorr   +            (gloves unavailable)
SInv    +            (boots unavailable)
Will    +....        m - amulet of faith
Stlth   ++           b - ring of resist corrosion
HPRegen 0.25/turn    n - +5 ring of evasion
MPRegen 0.10/turn

%: faith
@: very quick
A: very small, no large weapons, unfitting armour, see invisible, speed 3
a: no special abilities


You were on level 4 of the Dungeon.
You visited 1 branch of the dungeon, and saw 4 of its levels.

You collected 163 gold pieces.
You spent 81 gold pieces at shops.


Innate Abilities, Weirdness & Mutations

You are very small and have problems with some larger weapons.
You are too small for most types of armour.
You have supernaturally acute eyesight. (SInv)
You cover ground extremely quickly. (Speed+++)


   Skills:
 - Level 2.0 Fighting
 + Level 6.1 Ranged Weapons
 - Level 7.0 Dodging
 - Level 1.5 Stealth


You had 5 spell levels left.
You didn't know any spells.
Your spell library was empty.

Inventory:

Hand Weapons
 i - a +0 arbalest (weapon)
Armour
 c - a +0 robe (worn)
Jewellery
 b - a ring of resist corrosion (left hand)
 m - an amulet of faith (around neck)
 n - a +5 ring of evasion (right hand)
Scrolls
 a - a scroll of identify
 d - a scroll of teleportation
Potions
 e - a potion of resistance
 f - 2 potions of enlightenment {unknown}
 g - a potion of berserk rage {unknown}
 h - a potion of brilliance {unknown}
 j - a potion of degeneration {unknown}

Dungeon Overview and Level Annotations

Branches:
Dungeon (4/15)
 Temple: D:4-7

Altars:

Shops:
D:3 (


Message History

The magic dart hits you.
You shoot a bolt. The bolt closely misses Sigmund.
You shoot a bolt. The bolt hits Sigmund!
You kill Sigmund!
Your Dodging skill gained 2 levels and is now at level 7!
You have reached level 6!
You start resting.
You hear the slow rusting of a very distant drain.
HP restored.
Things that are here:
a +0 heavy scythe; a +0 robe
There is a stone staircase leading down here.
You open the door.
An adder, an orc and an orc priest come into view.
You shoot a bolt. The bolt misses the adder.
The adder hisses angrily.
The orc priest miscasts a cantrip.
You shoot a bolt. The orc shouts!
The bolt hits the adder!
The adder is almost dead.
The adder completely misses you.
You shoot a bolt. The bolt closely misses the adder.
The bolt barely misses the orc.
The adder completely misses you.
An orc comes into view. It is wielding a +0 club.
The adder completely misses you.
You shoot a bolt. The orc shouts!
The bolt hits the adder!
You kill the adder!
The orc priest invokes the aid of Beogh against you.
Beogh smites you!
You shoot a bolt. The bolt hits the orc.
The orc is lightly wounded.
The orc hits you with a +0 short sword.
The orc priest mumbles some strange prayers to Beogh against you.
Beogh smites you!
Ouch! That really hurt!
You die...

#######.##############
........#............#
#######...##########.#
##..)## #.# #.....#
#.# ##...## #.# ##>##
#.# #.# #.# #@# #.#
#o# ##.# .o. #..#
..... ###.## ...o...
##.#.#
.........####....####
+.........+...........
#.........####....####
##.#.#


You could see an orc priest and 2 orcs.

Vanquished Creatures
  Sigmund (D:4)
  An orc priest (D:2)
  Terence (D:3)
  An iguana (D:4)
  An orc wizard (D:2)
  3 gnolls (D:4)
  4 adders
  A dart slug (D:1)
  A ribbon worm (D:3)
  8 orcs
  8 ball pythons
  10 endoplasms
  2 giant cockroaches
  7 goblins
  8 hobgoblins
  10 kobolds
  2 quokkas
  6 bats
  3 frilled lizards
  2 rats
80 creatures vanquished.

Notes
Turn   | Place    | Note
-------+----------+-------------------------------------------
     0 | D:1      | qw the Spriggan Hunter began the quest for the Orb.
     0 | D:1      | Reached XP level 1. HP: 10/10 MP: 2/2
     0 | D:1      | 0 ||| qw: Version: 0.3-a-157-g843a77d
     0 | D:1      | 0 ||| qw: Game counter: 3740
     0 | D:1      | 0 ||| qw: Melee chars always use a shield: true
     0 | D:1      | 0 ||| qw: God list: Okawaru
     0 | D:1      | 0 ||| qw: Allow faded altars: false
     0 | D:1      | 0 ||| qw: Do Orc after clearing Dungeon:15 true
     0 | D:1      | 0 ||| qw: Do second Lair branch before Depths: true
     0 | D:1      | 0 ||| qw: Lair rune preference: random
     0 | D:1      | 0 ||| qw: Goals: Normal
     0 | D:1      | 0 ||| PLANNING D:1-11
     9 | D:1      | Reached skill level 3 in Dodging
    24 | D:1      | Found a faded altar of an unknown god.
    84 | D:1      | Reached XP level 2. HP: 14/14 MP: 3/3
    99 | D:1      | Reached skill level 4 in Dodging
   395 | D:1      | Reached XP level 3. HP: 18/18 MP: 4/4
   597 | D:1      | 597 ||| READING scroll labelled UWEZOEGUGU.
   598 | D:1      | 598 ||| READING scroll labelled VACSOSTR DUELI.
   599 | D:1      | 599 ||| READING scroll labelled GOGIXU ZAESOMN.
   600 | D:1      | 600 ||| READING scroll labelled WEUREA OPREU.
   600 | D:1      | 600 ||| IDENTIFYING cyan potion
   601 | D:1      | 601 ||| DROPPING scroll of butterflies.
   666 | D:2      | HP: 3/18 [orc/+0 club (3)]
   667 | D:2      | Reached XP level 4. HP: 4/22 MP: 5/5
  1097 | D:2      | 1097 ||| UPGRADING to ring of resist corrosion.
  1098 | D:2      | 1098 ||| READING scroll labelled HYNINEO NOMYEN.
  1104 | D:3      | 1104 ||| STAIRDANCE
  1109 | D:2      | Reached skill level 5 in Dodging
  1109 | D:2      | HP: 5/22 [orc/+0 dagger (4)]
  1199 | D:3      | 1199 ||| STAIRDANCE
  1205 | D:3      | 1205 ||| STAIRDANCE
  1249 | D:3      | Noticed Terence
  1261 | D:3      | HP: 5/23 [Terence/+0 flail (5)]
  1262 | D:3      | Killed Terence
  1263 | D:3      | Reached XP level 5. HP: 6/26 MP: 6/6
  1373 | D:3      | Found Xezaxudo's Antique Weapon Shop.
  1381 | D:3      | 1381 ||| BUYING arbalest (81 gold).
  1381 | D:3      | Bought an arbalest for 81 gold pieces
  1381 | D:3      | 1381 ||| SWAPPING to +0 arbalest.
  1382 | D:3      | 1382 ||| DROPPING +0 shortbow.
  1787 | D:3      | 1787 ||| UPGRADING to amulet of faith.
  1792 | D:3      | 1792 ||| UPGRADING to +5 ring of evasion.
  1793 | D:3      | 1793 ||| READING scroll labelled PEVOSE FEISILE.
  1794 | D:3      | 1794 ||| READING 2 scrolls labelled GEAPRI HASOMIO.
  1802 | D:3      | 1802 ||| READING 3 scrolls labelled DEUDAD FEBAB.
  1803 | D:3      | 1803 ||| READING scroll labelled YTIOGHUWAQE.
  1904 | D:3      | 1904 ||| DROPPING 2 scrolls of noise.
  1920 | D:4      | 1920 ||| PLANNING SEWER
  1999 | D:4      | Reached skill level 6 in Ranged Weapons
  2090 | D:4      | Noticed Sigmund
  2093 | D:4      | Killed Sigmund
  2094 | D:4      | Reached skill level 7 in Dodging
  2094 | D:4      | Reached XP level 6. HP: 26/30 MP: 7/7
  2130 | D:4      | Killed from afar by an orc priest

Levels and vault maps discovered:
D:1:      dpeg_arrival_stonehenge_8_columns, layout_basic,
          chequers_ecumenical_altar_simple
D:2:      layout_rooms
D:3:      layout_basic, serial_shops, nicolae_shop_hallway_stairs, uniq_terence
D:4:      layout_loops_corners, portal_sewer_entry_e,
          hangedman_abyss_or_decor_passed, uniq_sigmund, uniq_edmund

Skill      XL: |  1  2  3  4  5 |
---------------+----------------+-----
Dodging        | 3 4 5 7 |  7.0
Ranged Weapons | 5 6 |  6.1
Fighting       | 2 |  2.0
Stealth        | |  1.5

Action                     |  1- 3 |  4- 6 || total
---------------------------+-------+-------++-------
   Fire: Shortbow          |    85 |    59 ||   144
         Arbalest          |       |    59 ||    59
    Use: Scroll            |     4 |     5 ||     9
 Armour: Robe              |    17 |    20 ||    37
  Dodge: Dodged            |    35 |    58 ||    93

Table legend:
 A = Non-vault XP
 B = Vault XP
 C = Vault XP percentage of total XP
 D = Non-vault monster count
 E = Vault monster count
 F = Vault count percentage of total count
                 A         B        C        D         E       F
            +---------+---------+-------+---------+---------+-------
      Total |     336 |     275 |  45.0 |      78 |       2 |   2.5
            +---------+---------+-------+---------+---------+-------
        D:1 |      42 |       0 |   0.0 |      24 |       0 |   0.0
        D:2 |     135 |       0 |   0.0 |      26 |       0 |   0.0
        D:3 |      62 |      36 |  36.7 |      20 |       1 |   4.8
        D:4 |      97 |     239 |  71.1 |       8 |       1 |  11.1
            +---------+---------+-------+---------+---------+-------
